 Dungeon Crawl Stone Soup version 0.22.1-1-ga44c0e56f4 (webtiles) character file.

1536 Knicklaso the Slinger (level 9, -5/91 HPs)
             Began as a Halfling Arcane Marksman on Sept 30, 2018.
             Was a Follower of Sif Muna.
             Slain by a sky beast (6 damage)
             ... on level 7 of the Dungeon.
             The game lasted 00:19:59 (8514 turns).

Knicklaso the Slinger (Halfling Arcane Marksman)    Turns: 8514, Time: 00:20:00

Health: -5/91      AC:  6    Str: 17      XL:     9   Next: 11%
Magic:  11/11      EV: 19    Int: 13      God:    Sif Muna [*.....]
Gold:   182        SH:  0    Dex: 19 (20) Spells: 9/10 levels left

rFire    . . .     SeeInvis .   b - +1 dagger (elec)
rCold    . . .     Gourm    .   (shield restricted)
rNeg     . . .     Faith    .   n - +0 ring mail
rPois    .         Spirit   .   (no helmet)
rElec    .         Reflect  .   N - scarf {repulsion}
rCorr    .         Harm     .   G - +0 pair of gloves
MR       .....                  (no boots)
Stlth    ..........             (no amulet)
HPRegen  0.25/turn              (no ring)
MPRegen  0.12/turn              (no ring)

@: agile, berserking, repel missiles, very quick
A: small, mutation resistance 1
a: Divine Energy, Renounce Religion


You were on level 7 of the Dungeon.
You worshipped Sif Muna.
Sif Muna was aware of your devotion.
You were near starving.

You visited 1 branch of the dungeon, and saw 7 of its levels.

You collected 400 gold pieces.
You spent 218 gold pieces at shops.

Inventory:

Hand Weapons
 a - a +0 hunting sling
 b - a +1 dagger of electrocution (weapon)
 w - a +0 blowgun
Missiles
 d - 3 sling bullets
 g - 58 stones (quivered)
 s - 8 curare-tipped needles
 x - 9 poisoned needles
Armour
 e - a +0 robe
 k - a +0 cloak
 n - a +0 ring mail (worn)
 G - a +0 pair of gloves (worn)
 N - a scarf of repulsion (worn)
Magical Staves
 L - an uncursed staff of cold {unknown}
Jewellery
 j - an uncursed amulet of the gourmand {unknown}
 l - an uncursed amulet of the acrobat {unknown}
 C - an uncursed amulet of harm {unknown}
 H - an uncursed amulet of rage {unknown}
 M - a +3 ring of protection {unknown}
 O - an uncursed ring of positive energy {unknown}
 Q - a cursed ring of attention {unknown}
 R - an uncursed amulet of the acrobat {unknown}
 S - an uncursed ring of fire {unknown}
Wands
 r - a wand of flame (24)
 I - a wand of iceblast (11)
 K - a wand of acid (9)
 T - a wand of disintegration (8)
Scrolls
 m - 7 scrolls of identify {unknown}
 o - a scroll of magic mapping {unknown}
 p - a scroll of blinking {unknown}
 q - 2 scrolls of amnesia {unknown}
 u - 3 scrolls of remove curse {unknown}
 y - 3 scrolls of fear {unknown}
 A - a scroll of teleportation {unknown}
 B - 3 scrolls of fog
 P - a scroll of enchant weapon {unknown}
Potions
 c - 2 potions of might {unknown}
 h - 3 potions of curing
 i - 2 potions of heal wounds {unknown}
 t - a potion of cancellation {unknown}
 v - 2 potions of agility
 z - 2 potions of mutation {unknown}
 E - 2 potions of brilliance
 F - 4 potions of lignification
 J - a potion of flight {unknown}
Comestibles
 f - 4 rations


   Skills:
 + Level 5.5 Fighting
 - Level 12.0 Slings
 + Level 2.8 Dodging
 + Level 1.4 Spellcasting
 + Level 2.7 Hexes


You had 9 spell levels left.
You knew the following spells:

 Your Spells              Type           Power        Failure   Level  Hunger
a - Corona                Hex            #......      16%         1    ##.....

Your spell library contained the following spells:

 Spells                   Type           Power        Failure   Level  Hunger
 Slow                     Hex            #.......     24%         2    ###....
 Inner Flame              Hex/Fire       #.......     63%         3    ####...
 Portal Projectile        Hex/Tloc       #.....       63%         3    ####...
 Cause Fear               Hex            #.........   85%         4    #####..
 Leda's Liquefaction      Hex/Erth       #.........   95%         4    #####..


Dungeon Overview and Level Annotations

Branches:
Dungeon (7/15)
 Temple: D:4-7

Altars:
Dithmenos
Sif Muna

Shops:
D:4 [!*?   D:5 *

Annotations:
D:3 Sigmund


Innate Abilities, Weirdness & Mutations

You are small and have problems with some larger weapons.
You are somewhat resistant to further mutation.


Message History

The sky beast shocks you.
* * * LOW HITPOINT WARNING * * *
You barely miss the sky beast.
The sky beast is moderately wounded.
The sky beast hits you.
* * * LOW HITPOINT WARNING * * *
The sky beast shocks you.
* * * LOW HITPOINT WARNING * * *
A red film seems to cover your vision as you go berserk!
You feel yourself moving faster!
You feel mighty! The sky beast closely misses you.
You closely miss the sky beast.
The sky beast is moderately wounded.
The sky beast closely misses you.
You barely miss the sky beast.
The sky beast is moderately wounded.
The sky beast hits you.
* * * LOW HITPOINT WARNING * * *
The sky beast shocks you.
You die...

##.# #..##.#####.#
...######### #..##.##
#.# ....<.......
#..##..# #.#
##.############..###.#
#.# ####
#...............# #.#
#.#.##...
##############.## #.#
#.#...... #.#
#.####.####.#
#Y####..((.......#
#.@((.((.(..######
#############


You could see a sky beast.

Vanquished Creatures
  2 hungry ghosts
  A sky beast (D:6)
  2 centaurs
  2 scorpions
  3 howler monkeys (D:7)
  2 crimson imps (D:7)
  A hound (D:7)
  A quasit (D:6)
  A jelly (D:7)
  4 orc priests
  3 orc wizards
  A bullfrog skeleton (D:5)
  Terence (D:2)
  An iguana (D:3)
  4 worker ants
  A killer bee zombie (D:3)
  A hound skeleton (D:4)
  11 adders
  An ooze (D:4)
  3 worms
  3 dart slugs
  5 leopard geckos
  14 orcs
  2 ball pythons
  13 bats
  5 giant cockroaches
  8 goblins
  14 hobgoblins
  3 jackals (D:1)
  6 quokkas
  6 frilled lizards
  A jackal zombie (D:6)
  9 kobolds
  A leopard gecko skeleton (D:4)
  11 rats
147 creatures vanquished.

Notes
Turn   | Place    | Note
-------+----------+-------------------------------------------
     0 | D:1      | Knicklaso the Halfling Arcane Marksman began the quest for
                  | the Orb.
     0 | D:1      | Reached XP level 1. HP: 12/12 MP: 2/2
    62 | D:1      | Reached skill level 1 in Fighting
    70 | D:1      | Reached XP level 2. HP: 13/18 MP: 3/3
   286 | D:1      | Reached skill level 4 in Slings
   506 | D:1      | Reached XP level 3. HP: 23/23 MP: 4/4
  1106 | D:2      | Noticed Terence
  1114 | D:2      | Reached skill level 5 in Slings
  1124 | D:2      | Reached XP level 4. HP: 19/29 MP: 5/5
  1140 | D:2      | Killed Terence
  1577 | D:2      | Reached XP level 5. HP: 34/34 MP: 6/6
  1584 | D:2      | Reached skill level 6 in Slings
  2461 | D:2      | Found a deep blue altar of Sif Muna.
  2464 | D:2      | Became a worshipper of Sif Muna the Loreminder
  2786 | D:3      | Reached skill level 7 in Slings
  2786 | D:3      | Reached XP level 6. HP: 27/41 MP: 7/7
  3279 | D:3      | Noticed Sigmund
  3508 | D:3      | Reached skill level 8 in Slings
  3885 | D:4      | Found Yroa's Antique Armour Emporium.
  4144 | D:3      | Reached XP level 7. HP: 44/46 MP: 8/8
  4266 | D:4      | Found Pibeitwu's Distillery.
  4282 | D:4      | Bought a potion of berserk rage for 55 gold pieces
  4282 | D:4      | Bought a potion of agility for 44 gold pieces
  4282 | D:4      | Bought a potion of brilliance for 44 gold pieces
  4282 | D:4      | Bought a potion of lignification for 33 gold pieces
  4398 | D:4      | Reached skill level 9 in Slings
  4515 | D:4      | Found Wiacunn's Magic Scroll Emporium.
  4520 | D:4      | Bought a scroll of fog for 28 gold pieces
  4520 | D:4      | Bought a scroll of noise for 14 gold pieces
  4728 | D:4      | Found Seorric's General Store.
  4911 | D:5      | Entered Level 5 of the Dungeon
  6042 | D:5      | Reached skill level 10 in Slings
  6059 | D:5      | Reached XP level 8. HP: 32/54 MP: 9/9
  6588 | D:5      | Found Fenavic's Assorted Antiques.
  7081 | D:6      | Found a shadowy altar of Dithmenos.
  7411 | D:7      | Reached skill level 11 in Slings
  7797 | D:6      | Reached skill level 5 in Fighting
  8231 | D:7      | Reached skill level 12 in Slings
  8271 | D:7      | Reached XP level 9. HP: 60/61 MP: 10/10
  8327 | D:7      | Noticed a two-headed ogre
  8475 | D:7      | Reached * piety under Sif Muna
  8511 | D:7      | HP: 2/61 [sky beast (5)]
  8514 | D:7      | Slain by a sky beast

Skill      XL: |  1  2  3  4  5  6  7  8 |
---------------+-------------------------+-----
Fighting       | 1 2 3 4 5 |  5.5
Slings         | 4 5 7 8 10 12 | 12.0
Dodging        | |  2.8
Spellcasting   | |  1.4
Hexes          | |  2.7

Action                   |  1- 3 |  4- 6 |  7- 9 || total
-------------------------+-------+-------+-------++-------
Melee: Dagger            |       |    16 |   125 ||   141
 Fire: Hunting sling     |   121 |   363 |   290 ||   774
  Use: Potion            |       |     1 |     2 ||     3
  Eat: Chunk             |       |     9 |     7 ||    16
       Ration            |       |       |     4 ||     4
Armor: Robe              |     7 |       |       ||     7
       Ring mail         |       |    59 |   102 ||   161
Dodge: Dodged            |    44 |   124 |   191 ||   359
       Deflected         |       |       |     4 ||     4
